 Dungeon Crawl Stone Soup version 0.31-a0-188-g5e087ee2ca (webtiles) character file.

Game seed: 1126798093521199782

21 qw the Shooter (level 2, -1/16 HPs)
             Began as a Deep Elf Hunter on June 23, 2023.
             Succumbed to their own poison gas
             ... on level 1 of the Dungeon.
             The game lasted 00:00:13 (689 turns).

qw the Shooter (Deep Elf Hunter)                     Turns: 689, Time: 00:00:13

Health: -1/16      AC:  5    Str:  8    XL:     2   Next: 62%
Magic:  4/4        EV: 10    Int: 13    God:
Gold:   71         SH:  0    Dex: 18    Spells: 1/1 levels left

rFire   . . .        Y - +4 arbalest
rCold   . . .        (shield currently unavailable)
rNeg    . . .        i - +0 ring mail
rPois   .            (no helmet)
rElec   .            (no cloak)
rCorr   .            (no gloves)
SInv    .            (no boots)
Will    .....        (no amulet)
Stlth   +            (no ring)
HPRegen 0.22/turn    (no ring)
MPRegen 0.09/turn

%: no passive effects
@: lethally poisoned (-1 -> -8)
A: no striking features
a: no special abilities


You were on level 1 of the Dungeon.
You visited 1 branch of the dungeon, and saw 1 of its levels.

You collected 71 gold pieces.


   Skills:
 - Level 1.5 Fighting
 + Level 6.4 Ranged Weapons
 - Level 2.4 Dodging
 - Level 1.2 Stealth


You had one spell level left.
You didn't know any spells.
Your spell library was empty.

Inventory:

Hand Weapons
 Y - a +4 arbalest (weapon)
Armour
 i - a +0 ring mail (worn)
Potions
 g - a potion of curing {unknown}

Dungeon Overview and Level Annotations

Branches:
Dungeon (1/15)

Altars:


Message History

Something appears at your feet!
a - a +4 arbalest You see here a +0 leather armour.
Done exploring.
682 ||| SWAPPING to +4 arbalest.
a - a +4 arbalest (weapon)
683 ||| DROPPING +0 shortbow.
You drop a +0 shortbow.
Done exploring.
684 ||| READING scroll labelled MURPHU ABUN.
The air fills with toxic fumes!
As you read the scroll labelled MURPHU ABUN, it crumbles to dust.
It was a scroll of poison.
Done exploring.
685 ||| DROPPING scroll of butterflies.
You drop a scroll of butterflies.
Done exploring.
(D) Dungeon
Where to? (* - list waypoints, ? - help)
What level of the Dungeon? (default 1, ? - help) Sorry, I don't know how to get there.
Enter note:
Enter note:
Enter note:
Enter note:
Enter note:
Enter note:
Enter note:
Enter note:
Enter note: Really walk into that cloud of poison gas?
You are engulfed in poison gas.
You are lethally poisoned!
You feel very sick.
687 ||| Stepping ~*~*~tactically~*~*~ (cloud).
You feel very sick.
Things that are here:
a scroll of butterflies; a +0 shortbow; a +0 leather armour
There is a lethal amount of poison in your body!
You feel very sick.
There is a lethal amount of poison in your body!
You die...

.# ################## #....#
.#
#...¤¤¤###.......####..#####
.#
###...#¤¤¤#####........).....#
.#
#....##¤¤¤¤¤#####.....#..###.#
.#
#....###¤¤¤¤¤¤¤¤##.(..#..###.#
>###.<..#
#¤¤0¤¤¤¤###...[#.......
.##.....#
#¤¤¤¤¤¤¤¤¤#.....#.##...
.##..#.##
##¤0¤¤¤¤¤##.....#.##...
.#####.#
#¤¤¤¤@¤###)......####. .#
##.### ##¤¤¤#¤¤##%......# #.
.# #....# #¤¤¤##¤##.......# #.
.####..#.# ##0¤(##¤##....###
#. ..##...#.# #¤¤..####....##
#. ####..#..# ##¤..###......#
#. ..##..#.##
#¤...#######.#####. .#.#.##..#
#...## #....... .#....##.##
##..## #.......


There were no monsters in sight!

Vanquished Creatures
  2 bats (D:1)
  3 endoplasms (D:1)
  A giant cockroach (D:1)
  2 goblins (D:1)
  3 kobolds (D:1)
  A quokka (D:1)
  2 ball pythons (D:1)
  4 frilled lizards (D:1)
  A rat (D:1)
19 creatures vanquished.

Notes
Turn   | Place    | Note
-------+----------+-------------------------------------------
     0 | D:1      | qw the Deep Elf Hunter began the quest for the Orb.
     0 | D:1      | Reached XP level 1. HP: 12/12 MP: 3/3
     0 | D:1      | 0 ||| qw: Version: 0.3-a-9-g12657ce
     0 | D:1      | 0 ||| qw: Game counter: 4402
     0 | D:1      | 0 ||| qw: Always use a shield: true
     0 | D:1      | 0 ||| qw: God list: Okawaru
     0 | D:1      | 0 ||| qw: Allow faded altars: false
     0 | D:1      | 0 ||| qw: Do Orc after D:15 true
     0 | D:1      | 0 ||| qw: Do second Lair branch before Depths: true
     0 | D:1      | 0 ||| qw: Lair rune preference: random
     0 | D:1      | 0 ||| qw: Plans: Normal
     0 | D:1      | 0 ||| PLANNING D:1-11
   153 | D:1      | Reached XP level 2. HP: 16/16 MP: 4/4
   162 | D:1      | Reached skill level 6 in Ranged Weapons
   667 | D:1      | 667 ||| UPGRADING to +0 ring mail.
   677 | D:1      | 677 ||| DROPPING +0 leather armour.
   678 | D:1      | 678 ||| READING scroll labelled LOWNEJ CYOVVAN.
   679 | D:1      | 679 ||| READING scroll labelled FINADA DUNA.
   680 | D:1      | 680 ||| READING scroll labelled CAEFUIJOUGH.
   680 | D:1      | Identified a scroll of acquirement
   680 | D:1      | 680 ||| ACQUIRING +4 arbalest
   680 | D:1      | Acquired a +4 arbalest
   682 | D:1      | 682 ||| SWAPPING to +4 arbalest.
   683 | D:1      | 683 ||| DROPPING +0 shortbow.
   684 | D:1      | 684 ||| READING scroll labelled MURPHU ABUN.
   685 | D:1      | 685 ||| DROPPING scroll of butterflies.
   687 | D:1      | 687 ||| Stepping ~*~*~tactically~*~*~ (cloud).
   687 | D:1      | HP: 4/16 [poisoned by you (poison gas)]
   688 | D:1      | HP: 1/16 [poisoned by you (poison gas)]
   689 | D:1      | Succumbed to their own poison gas

Levels and vault maps discovered:
D:1:      dpeg_arrival_arbitrary_a, layout_loops_ring

Skill      XL: |  1  2 |
---------------+-------+-----
Ranged Weapons | 6 |  6.4
Fighting       | |  1.5
Dodging        | |  2.4
Stealth        | |  1.2

Action                     || total
---------------------------++-------
   Fire: Shortbow          ||    27
    Use: Scroll            ||     4

Table legend:
 A = Non-vault XP
 B = Vault XP
 C = Vault XP percentage of total XP
 D = Non-vault monster count
 E = Vault monster count
 F = Vault count percentage of total count
                 A         B        C        D         E       F
            +---------+---------+-------+---------+---------+-------
      Total |      30 |       0 |   0.0 |      19 |       0 |   0.0
            +---------+---------+-------+---------+---------+-------
        D:1 |      30 |       0 |   0.0 |      19 |       0 |   0.0
            +---------+---------+-------+---------+---------+-------
